 Dungeon Crawl Stone Soup version 0.29.1-2-gbd0b4ee654 (webtiles) character file.

Game seed: 18099431284684687450

314 Destapler the Poker (level 6, -7/49 HPs)
             Began as a Merfolk Berserker on Nov 7, 2022.
             Was a Believer of Trog.
             Mangled by Grinder (8 damage)
             ... on level 4 of the Dungeon.
             The game lasted 00:08:36 (3352 turns).

Destapler the Poker (Merfolk Berserker)             Turns: 3352, Time: 00:08:37

Health: -7/49      AC:  2    Str: 17 (19) XL:     6   Next: 43%
Magic:  15/15      EV: 12    Int:  3 (6)  God:    Trog [**....]
Gold:   109        SH:  4    Dex: 11 (14) Spells: 5/5 levels left

rFire   . . .      SeeInvis .   a - +1 spear
rCold   . . .      Faith    .   c - +1 buckler of Leos {Rampage Drain Will+++ MP+9}
rNeg    . . .      Spirit   .   b - +0 animal skin
rPois   .          Reflect  .   (no helmet)
rElec   .          Harm     .   (no cloak)
rCorr   .          Rampage  +   (no gloves)
Will    +++++                   (no boots)
Stlth   +.........              (no amulet)
HPRegen 1.16/turn               (no ring)
MPRegen 0.14/turn               (no ring)

@: strong-willed, on berserk cooldown, attractive, regenerating, slowed, very
slow
A: (nimble swimmer 2), mertail
a: Renounce Religion, Berserk, Trog's Hand


You were on level 4 of the Dungeon.
You worshipped Trog.
Trog was pleased with you.
You visited 1 branch of the dungeon, and saw 4 of its levels.

You collected 109 gold pieces.

Inventory:

Hand Weapons
 a - a +1 spear (weapon)
Armour
 b - a +0 animal skin (worn)
 c - the +1 buckler of Leos (worn) {Rampage Drain Will+++ MP+9}
   (You acquired it on level 4 of the Dungeon)

   MP:        It affects your magic capacity (+9).
   Drain:     It drains your maximum health when unequipped.
   Rampage:   It bestows one free step when moving towards enemies.
   Will:      It greatly increases your willpower.
Jewellery
 m - a +6 ring of intelligence
 s - a ring of ice
Wands
 f - a wand of flame (18) (quivered)
 n - a wand of polymorph (12)
Scrolls
 i - 2 scrolls of identify
 l - a scroll of poison
 t - a scroll of amnesia {unknown}
 u - a scroll of magic mapping {unknown}
Potions
 d - 3 potions of mutation
 o - 3 potions of degeneration
 p - a potion of flight {unknown}
 q - a potion of heal wounds {unknown}
 v - a potion of curing {unknown}


   Skills:
 + Level 4.5 Fighting
 + Level 5.6 Polearms
 + Level 2.6 Armour
 + Level 4.7 Dodging
 + Level 0.8 Stealth
 * Level 1.1 Shields
 + Level 0.5 Evocations


You had 5 spell levels left.
You didn't know any spells.
Your spell library contained the following spells:

 Spells                   Type           Power      Damage    Failure   Level
 Magic Dart               Conj           0%         1d3       63%         1
 Sting                    Tmut/Pois      0%         1d3       63%         1
 Poisonous Vapours        Pois/Air       0%         N/A       77%         2
 Searing Ray              Conj           0%         2d4       77%         2
 Dazzling Flash           Conj/Hex       0%         N/A       94%         3
 Fulminant Prism          Conj/Hex       0%         3d6       100%        4
 Iskenderun's Mystic Bla  Conj/Tloc      0%         2d3       100%        4
 Olgreb's Toxic Radiance  Pois           0%         N/A       100%        4
 Starburst                Conj/Fire      0%         6d3       100%        6


Dungeon Overview and Level Annotations

Branches:
Dungeon (4/15)
 Temple: D:4-7

Altars:
Uskayaw

Annotations:
D:4 Grinder


Innate Abilities, Weirdness & Mutations

((You are very nimble when in or above water. (Stealth+, EV+, Speed+++)))
Your lower body shifts to a powerful aquatic tail in water.


Message History

Your Shields skill increases to level 1!
You feel sick.
Grinder shouts!
Grinder blinks!
Unknown command.
You feel a strong urge to attack something.
You feel sick.
You see here an adder corpse.
You feel your anger nearly subside.
You are no longer berserk.
You are exhausted.
You feel yourself slow down.
You feel sick.
You start resting.
You feel sick. x2
You are no longer poisoned.
You start resting.
Grinder hits you.
You writhe in agony.
* * * LOW HITPOINT WARNING * * *
It was a potion of degeneration.
There was something very wrong with that liquid.
You feel weakened.
You feel dopey.
You feel clumsy. Grinder misses you.
It was a potion of berserk rage.
You're still recovering from your berserk rage.
Grinder hits you.
* * * LOW HITPOINT WARNING * * *
You writhe in agony.
* * * LOW HITPOINT WARNING * * *
Grinder barely misses you.
It was a potion of attraction.
You feel attractive to monsters. Grinder hits you!
* * * LOW HITPOINT WARNING * * *
You writhe in agony.
* * * LOW HITPOINT WARNING * * *
Okay, then.
Your skin crawls.
You feel strong-willed. Grinder hits you.
* * * LOW HITPOINT WARNING * * *
Grinder hits you!
You die...

..................#...
..................##..
#.#.............
#..#........##.#
##.##....#... ### #
#......####.# #.
#...#...##..# ## ...
##...# ...##..###. ....
#@...# #..##...#..
#....
##5.####...##..##.
#.....#...#.##...#
..#.. #............##
#.###
#..#...#......###.#..
#.##..####..).##....#
...#.... ###..##....#
............#...##...##
#........###.........##


You could see Grinder.

Vanquished Creatures
  A scorpion (D:4)
  A hound (D:4)
  An iguana (D:3)
  2 orc wizards
  7 adders
  A worm (D:3)
  3 dart slugs
  12 orcs
  6 ball pythons
  6 endoplasms
  A giant cockroach (D:3)
  6 goblins
  6 hobgoblins
  3 quokkas
  3 bats
  4 frilled lizards
  2 kobolds
  4 rats
69 creatures vanquished.

Notes
Turn   | Place    | Note
-------+----------+-------------------------------------------
     0 | D:1      | Destapler the Merfolk Berserker began the quest for the
                  | Orb.
     0 | D:1      | Reached XP level 1. HP: 18/18 MP: 1/1
   114 | D:1      | You fall into a shaft and drop 1 floor!
   192 | D:2      | Reached XP level 2. HP: 24/24 MP: 2/2
   445 | D:2      | Reached XP level 3. HP: 23/30 MP: 3/3
   921 | D:1      | Reached XP level 4. HP: 36/37 MP: 4/4
  1621 | D:2      | Reached skill level 5 in Polearms
  1981 | D:2      | Found a faded altar of an unknown god.
  2044 | D:3      | Reached XP level 5. HP: 42/42 MP: 5/5
  2330 | D:3      | Reached ** piety under Trog
  2517 | D:3      | Found a hide-covered altar of Uskayaw.
  2518 | D:3      | Noticed a +0 hand axe
  2518 | D:3      | Noticed a +0 hand axe
  3254 | D:4      | Identified a scroll of acquirement
  3254 | D:4      | Acquired the +1 buckler of Leos {Rampage Drain Will+++
                  | MP+9}
  3265 | D:4      | Noticed Grinder
  3286 | D:4      | Reached XP level 6. HP: 46/49 MP: 6/6
  3339 | D:4      | Reached skill level 1 in Shields
  3352 | D:4      | HP: 1/49 [Grinder (6)]
  3352 | D:4      | Mangled by Grinder

Illustrated notes

Levels and vault maps discovered:
D:1:      amcnicky_arrival_double_pillar, layout_basic
D:2:      layout_basic, dreamdust_ecumenical_altar_angels_and_demons
D:3:      layout_loops_ring, dancing_weapons_uskayaw, grunt_ministairs_14
D:4:      layout_cave_pools, amcnicky_altar_gilded,
          chequers_temple_overflow_statue_of_worship, st_stairs_6, uniq_pikel,
          uniq_grinder

Skill      XL: |  1  2  3  4  5  6 |
---------------+-------------------+-----
Dodging        | 3 4 |  4.7
Armour         | 2 |  2.6
Fighting       | 4 |  4.5
Polearms       | 5 |  5.6
Shields        | 1 |  1.1
Stealth        | |  0.8
Evocations     | |  0.5

Action                   |  1- 3 |  4- 6 || total
-------------------------+-------+-------++-------
Melee: Spear             |    80 |   173 ||   253
Invok: Berserk           |     1 |     4 ||     5
       Trog's Hand       |       |     1 ||     1
  Use: Scroll            |       |     7 ||     7
       Potion            |       |     3 ||     3
 Stab: Sleeping          |     4 |     4 ||     8
       Distracted        |       |     1 ||     1
Armor: Animal skin       |     8 |    18 ||    26
Dodge: Dodged            |    29 |    54 ||    83
Block: Buckler           |       |    10 ||    10
